 Dungeon Crawl Stone Soup version 0.30-a0-779-g7971cf19c3 (webtiles) character file.

Game seed: 10137552824413619617

88 Twinkles the Trooper (level 4, -6/28 HPs)
             Began as a Gargoyle Hexslinger on Feb 17, 2023.
             Was an Initiate of Cheibriados.
             Engulfed by a cloud of flame (13 damage)
             ... on level 3 of the Dungeon.
             The game lasted 00:08:54 (2883 turns).

Twinkles the Trooper (Gargoyle Hexslinger)          Turns: 2883, Time: 00:08:54

Health: -6/28      AC: 10    Str: 17    XL:     4   Next: 54%
Magic:  5/5        EV:  9    Int: 20    God:    Cheibriados [......]
Gold:   126        SH:  0    Dex: 11    Spells: 4/5 levels left

rFire   . . .      SeeInvis .    b - +1 war axe (flame)
rCold   . . .      Faith    .    (no shield)
rNeg    + . .      Spirit   .    s - +0 scale mail
rPois   ∞          Reflect  .    (no helmet)
rElec   +          Harm     .    (no cloak)
rCorr   .          Rampage  .    (no gloves)
Will    .....                    (no boots) Stlth
                                 (no amulet)
HPRegen 0.24/turn                q - +6 ring of intelligence
MPRegen 0.09/turn                (no ring)

@: very slow
A: sickness immunity, AC +3, negative energy resistance 1, electricity
resistance, torment resistance 1, petrification resistance
a: Renounce Religion


You were on level 3 of the Dungeon.
You worshipped Cheibriados.
Cheibriados was noncommittal.
You visited 1 branch of the dungeon, and saw 3 of its levels.

You collected 126 gold pieces.

Inventory:

Hand Weapons
 a - a +1 sling
 b - a +1 war axe of flaming (weapon)
Missiles
 j - 11 poisoned darts
Armour
 c - a +0 robe
 p - a +0 ring mail
 s - a +0 scale mail (worn)
Jewellery
 n - a ring of ice
 q - a +6 ring of intelligence (left hand)
 u - an amulet of guardian spirit
Scrolls
 d - 8 scrolls of identify {unknown}
 e - 2 scrolls of vulnerability {unknown}
 h - 4 scrolls of blinking {unknown}
 i - a scroll of silence {unknown}
 l - a scroll of acquirement {unknown}
 m - 2 scrolls of noise {unknown}
 o - 2 scrolls of poison
 r - 3 scrolls of enchant weapon {unknown}
Potions
 f - a potion of might {unknown}
 g - a potion of curing {unknown}
 k - a potion of mutation {unknown}
 t - a potion of heal wounds {unknown}


   Skills:
 + Level 3.3 Fighting
 + Level 0.0 Axes
 - Level 2.0 Ranged Weapons
 + Level 3.0 Armour
 - Level 1.5 Dodging
 - Level 1.0 Spellcasting
 - Level 2.6 Hexes
 + Level 0.0 Invocations


You had 4 spell levels left.
You knew the following spells:

 Your Spells              Type           Power      Damage    Failure   Level
a - Slow                  Hex            44%        N/A       19%         1

Your spell library contained the following spells:

 Spells                   Type           Power      Damage    Failure   Level
 Sandblast                Erth           2%         2d4       50%         1
 Passwall                 Tmut/Erth      0%         N/A       65%         2
 Inner Flame              Hex/Fire       6%         N/A       69%         3
 Portal Projectile        Hex/Tloc       12%        N/A       69%         3
 Stone Arrow              Conj/Erth      2%         3d7       86%         3
 Cause Fear               Hex            5%         N/A       88%         4


Dungeon Overview and Level Annotations

Branches:
Dungeon (3/15) Zot: 22656

Altars:
Ashenzari
Cheibriados
The Shining One

Shops:
D:2 [(([


Innate Abilities, Weirdness & Mutations

You are immune to sickness and miasma.
Your stone body is resilient. (AC +3)
You are immune to poison.
You resist negative energy. (rN+)
You are resistant to electric shocks. (rElec)
You are resistant to unholy torment.
You are immune to petrification.


Message History

Press < or > to pray at altars.
You kneel at the altar of Cheibriados.
Cheibriados welcomes you!
Cheibriados begins to support your attributes as your movement slows.
Cheibriados is now slowing the effects of poison on you.
You open the door.
There is an open door here.
You open the door.
Found a faded altar of an unknown god.
There is an open door here.
Found a glowing golden altar of the Shining One.
Found a stone staircase leading down.
d - 8 scrolls labelled ZIONEYRGHIE (gained 1)
There is a faded altar of an unknown god here.
This altar belongs to (a) Zin, (b) Sif Muna or (c) Okawaru, but you can't tell which.
Press the corresponding letter to learn more about a god, or press enter to convert or escape to cancel.
Okay, then.
Unknown command.
Press < or > to pray at altars.
There is an open door here.
There is an open door here.
You see here a staff of cold.
You open the door.
There is an open door here.
There is an open door here.
You see here a staff of cold.
There is an open door here.
You see here a +0 whip.
There is an open door here.
There is an open door here.
Partly explored, can't reach some items and places.
Partly explored, can't reach some items and places.
Really walk into a travel-excluded area?
Really walk into a travel-excluded area?
Really walk into that cloud of flame?
You are engulfed in blazing flames.
Ouch! That really hurt!
* * * LOW HITPOINT WARNING * * *
You now have 126 gold pieces (gained 10).
You are engulfed in blazing flames.
You die...

#.#..###.###.......# # #....#
#.# #.......## # ###...####
#........## # #☼☼§#
#.........# ###### #○☼.#
#.........# #....# #§§§#
#.........#
'.########...######........##
#####.°.☼...[.☼○°...#.....##
#..§○○.[...☼§@.........#
####..☼○§.....§§§.#####.###
.....#####...#######.#...##
...### #§§°# ##.......#
.....# #○°☼# #........#
...### #○.§# ##.......# ...#
###...# ##.#...## ####
#.....# ###.###
#########...## #.#


There were no monsters in sight!

Vanquished Creatures
  A mummy (D:3)
  2 adders (D:2)
  A worm (D:2)
  2 dart slugs
  2 ball pythons (D:1)
  5 endoplasms
  5 giant cockroaches
  5 goblins
  5 hobgoblins
  A quokka (D:3)
  7 bats
  2 frilled lizards
  5 kobolds
  4 rats
47 creatures vanquished.

Vanquished Creatures (others)
  9 plants (D:1)
9 creatures vanquished.

Grand Total: 56 creatures vanquished

Notes
Turn   | Place    | Note
-------+----------+-------------------------------------------
     0 | D:1      | Twinkles the Gargoyle Hexslinger began the quest for the
                  | Orb.
     0 | D:1      | Reached XP level 1. HP: 12/12 MP: 2/2
   179 | D:1      | Reached skill level 1 in Armour
   191 | D:1      | Reached XP level 2. HP: 17/17 MP: 3/3
   858 | D:2      | Found Syclabled's Antique Armour Boutique.
   868 | D:2      | Reached XP level 3. HP: 17/22 MP: 4/4
  1096 | D:2      | Found Lumetega's Armour Emporium.
  1503 | D:2      | Reached XP level 4. HP: 21/28 MP: 5/5
  1538 | D:2      | Found Fippuoxa's Antique Weapon Emporium.
  1621 | D:2      | Found Qilawi's Weapon Boutique.
  1810 | D:3      | Found a snail-covered altar of Cheibriados.
  2043 | D:3      | Found a broken altar of Ashenzari.
  2209 | D:3      | Upgraded the game from 0.30-a0-778-g2ef04afb54 to
                  | 0.30-a0-779-g7971cf19c3
  2548 | D:3      | Became a worshipper of Cheibriados the Contemplative
  2581 | D:3      | Found a faded altar of an unknown god.
  2585 | D:3      | Found a glowing golden altar of the Shining One.
  2882 | D:3      | HP: 7/28 [something (21)]
  2883 | D:3      | Engulfed by a cloud of flame

Illustrated notes

Levels and vault maps discovered:
D:1:      matt_arrival_diagonals, layout_basic, serial_bayou,
          serial_bayou_pond_e, serial_bayou_lagoon_a, serial_bayou_crossing
D:2:      layout_loops_ring, serial_shops, nicolae_diamond_shop,
          nicolae_shop_advertising_works [nicolae_subvault_shop_adworks], shop,
          nicolae_shop_behind_doors
D:3:      layout_loops_corners, nicolae_overflow_ecumenical_swirl, slow_altar_1,
          lemuel_tele_altar, roderic_serpentine_path, minmay_misc_feat_room,
          lemuel_flame_loot_1

Skill      XL: |  1  2  3  4 |
---------------+-------------+-----
Armour         | 1 2 3 |  3.0
Fighting       | 2 3 |  3.3
Ranged Weapons | |  2.0
Dodging        | |  1.5
Spellcasting   | |  1.0
Hexes          | |  2.6

Action                     |  1- 3 |  4- 6 || total
---------------------------+-------+-------++-------
  Melee: War axe           |     2 |    29 ||    31
         Punch             |     1 |       ||     1
   Fire: Sling             |   141 |       ||   141
 Armour: Robe              |    43 |       ||    43
         Ring mail         |       |    11 ||    11
         Scale mail        |       |     6 ||     6
  Dodge: Dodged            |    61 |    11 ||    72

Table legend: (Time is in decaauts)
 A = Elapsed time spent in this place.
 B = Non-inter-level travel time spent in this place.
 C = Inter-level travel time spent in this place.
 D = Time resting spent in this place.
 E = Time spent auto-exploring this place.
 F = Levels seen in this place.
 G = Mean time per level.
                   A        B        C        D        E       F      G
               +--------+--------+--------+--------+--------+-----+--------+
         Total |   3038 |   2851 |    187 |    100 |   2324 |   3 | 1012.7 |
       Dungeon |   3038 |   2851 |    187 |    100 |   2324 |   3 | 1012.7 |
               +--------+--------+--------+--------+--------+-----+--------+

Top non-repeatable levels by time:
     D:3: 1318 daAuts
     D:2: 879 daAuts
     D:1: 840 daAuts
